 Dungeon Crawl Stone Soup version 0.29-a0-810-g3812dd5c9c (webtiles) character file.

Game seed: 12032181061917432869

14763 ASIMItheHERO the Basher (level 12, -6/76 HPs)
             Began as a Gargoyle Fighter on July 4, 2022.
             Was a Believer of the Shining One.
             Killed by refrigeration
             ... invoked by Fannar
              (24 damage)
             ... on level 10 of the Dungeon.
             The game lasted 00:46:00 (12536 turns).

ASIMItheHERO the Basher (Gargoyle Fighter)         Turns: 12536, Time: 00:46:01

Health: -6/76      AC: 28    Str: 26    XL:     12   Next: 19%
Magic:  11/13      EV:  8    Int:  8    God:    the Shining One [**....]
Gold:   536        SH: 17    Dex:  9    Spells: 10/12 levels left

rFire   . . .      SeeInvis .   a - +0 flail (protect)
rCold   . . .      Faith    .   c - +0 buckler
rNeg    + + .      Spirit   .   S - +0 plate armour
rPois   ∞          Reflect  +   y - +1 hat
rElec   +          Harm     .   K - +0 cloak
rCorr   .          Rampage  .   (no gloves)
Will    +....                   e - +0 pair of boots
Stlth   ..........              L - amulet of reflection
HPRegen 0.22/turn               n - ring of willpower
MPRegen 0.13/turn               J - +4 ring of slaying

@: divinely shielded, under a protective aura, glowing
A: sickness immunity, AC +8, negative energy resistance 1, electricity
resistance, torment resistance 1, petrification resistance, deformed body
a: Renounce Religion, Divine Shield


You were on level 10 of the Dungeon.
You worshipped the Shining One.
The Shining One was pleased with you.
You visited 2 branches of the dungeon, and saw 12 of its levels.

You collected 566 gold pieces.
You donated 30 gold pieces to Zin.

Inventory:

Hand Weapons
 a - a +0 flail of protection (weapon)
 d - a +0 flail
 F - a +0 sling
Missiles
 i - 130 stones (quivered)
 C - 3 javelins
 U - 2 throwing nets
Armour
 b - a +0 scale mail
 c - a +0 buckler (worn)
 e - a +0 pair of boots (worn)
 y - a +1 hat (worn)
 K - a +0 cloak (worn)
 S - a +0 plate armour (worn)
Magical Staves
 Q - a staff of earth
Jewellery
 n - a ring of willpower (left hand)
 J - a +4 ring of slaying (right hand)
 L - an amulet of reflection (around neck)
 O - an amulet of regeneration
Wands
 x - a wand of paralysis (13)
 z - a wand of mindburst (27)
 D - a wand of digging (5)
Scrolls
 g - 3 scrolls of enchant armour
 h - 5 scrolls of blinking
 j - 2 scrolls of magic mapping {unknown}
 l - a scroll of poison {unknown}
 m - 2 scrolls of identify
 o - a scroll of fear {unknown}
 q - 5 scrolls of torment
 r - 3 scrolls of vulnerability
 s - 3 scrolls of teleportation
 t - 3 scrolls of enchant weapon {unknown}
 w - a scroll of summoning {unknown}
 A - a scroll of brand weapon {unknown}
 H - 2 scrolls of noise {unknown}
 M - a scroll of fog {unknown}
 T - a scroll of silence {unknown}
Potions
 f - a potion of invisibility {unknown}
 k - 3 potions of degeneration
 p - a potion of resistance {unknown}
 u - a potion of cancellation {unknown}
 v - a potion of mutation {unknown}
 B - 5 potions of flight
 E - a potion of berserk rage {unknown}
 G - 2 potions of lignification {unknown}
 I - 7 potions of curing
 N - 3 potions of attraction {unknown}
 P - 2 potions of might
 R - a potion of ambrosia {unknown}


   Skills:
 + Level 9.2 Fighting
 * Level 14.2 Maces & Flails
 + Level 8.6 Armour
 + Level 3.8 Dodging
 - Level 0.8 Stealth
 + Level 7.5 Shields
 + Level 0.5 Spellcasting
 + Level 0.5 Conjurations
 + Level 0.1 Air Magic
 + Level 2.1 Invocations


You had 10 spell levels left.
You knew the following spells:

 Your Spells              Type           Power      Damage    Failure   Level
a - Shock                 Conj/Air       0%         1d3       99%         1
b - Summon Small Mammal   Summ           0%         N/A       99%         1

Your spell library contained the following spells:

 Spells                   Type           Power      Damage    Failure   Level
 Apportation              Tloc           0%         N/A       99%         1
 Necrotise                Necr           0%         1d4       99%         1
 Poisonous Vapours        Pois/Air       0%         N/A       100%        2
 Gell's Gravitas          Tloc           0%         N/A       100%        3
 Lesser Beckoning         Tloc           0%         N/A       100%        3
 Swiftness                Air            0%         N/A       100%        3
 Teleport Other           Tloc           0%         N/A       100%        3
 Airstrike                Air            0%         0-1+      100%        4
 Corpse Rot               Necr/Pois/Air  0%         N/A       100%        4
 Passage of Golubria      Tloc           0%         N/A       100%        4
 Silence                  Hex/Air        0%         N/A       100%        5
 Lehudib's Crystal Spear  Conj/Erth      0%         10d2      100%        8


Dungeon Overview and Level Annotations

Branches:
Dungeon (11/15)            Temple (1/1) D:5            Lair (0/6) D:10
    Orc: D:9-12

Altars:
Ashenzari
Cheibriados
Dithmenos
Elyvilon
Fedhas
Gozag
Hepliaklqana
Kikubaaqudgha
Makhleb
Nemelex Xobeh
Okawaru
Qazlal
Ru
Sif Muna
Trog
Uskayaw
Vehumet
Wu Jian
Xom
Yredelemnul
Zin
The Shining One

Shops:
D:10 =

Annotations:
D:3 Grinder
D:4 Menkaure
D:9 3 runed translucent doors, Dritkant's ghost, journeyman GrHu; capka3m's ghost, journeyman MeEE
D:10 Fannar


Innate Abilities, Weirdness & Mutations

You are immune to sickness and miasma.
Your stone body is resilient. (AC +8)
You are immune to poison.
You resist negative energy. (rN+)
You are resistant to electric shocks. (rElec)
You are resistant to unholy torment.
You are immune to petrification.
Armour fits poorly on your strangely shaped body.


Message History

You bludgeon Harold!!
Your weapon exudes an aura of protection.
Harold is moderately wounded.
You block Harold's attack.
You sock Harold!
Harold is heavily wounded.
You block Harold's attack.
You hit Harold.
Harold is heavily wounded.
You sock Harold!
Harold is heavily wounded.
Harold closely misses you.
You sock Harold!
Harold is severely wounded.
Harold hits you with a +0 hand axe!
You sock Harold!
Harold is almost dead.
Harold hits you but does no damage.
You bludgeon Harold!!
You kill Harold!
Harold groans, "My... family..." and then collapses, dead.
U - 2 throwing nets
Things that are here:
a +0 hand axe; a +0 scale mail; the human corpse of Harold Fannar shouts!
You block Fannar's attack.
You hit Fannar but do no damage.
Your weapon exudes an aura of protection.
Fannar mumbles some strange words.
Fannar drains the heat from the surrounding environment!
You sock Fannar!
Fannar is lightly wounded.
Fannar gestures wildly while chanting.
Fannar gestures wildly while chanting.
Fannar drains the heat from the surrounding environment!
* * * LOW HITPOINT WARNING * * *
The ice beast completely misses you.
Fannar mumbles some strange words.
Fannar drains the heat from the surrounding environment!
You die...

#.#......###..#.##.......#.#
#.#....#####....##.......#..
#...>..##.............YeY...
#............######.....O...
###..........!................
#..........e..#######.##...#..
##.#.##.#..##..# #.###.####
#.......#..>.Y.# #.# #.# #
#.#####.#.###.@##### #.# #.# #
# #.#.# #..)...# #.# #.# # ..
#.#.###..###.###.# #.#
.##..####.#...........##.###
.# #...#.####...###........ .#
#...# #..## #.###.### .#
#...####..# #.# # .#
###.......# #.# .# #...####.##
#.#


You could see Fannar and an ice beast (summoned).

Vanquished Creatures
  Harold (D:10)
  2 two-headed ogres
  A centaur warrior (D:9)
  2 hydras (D:9)
  2 deep elf pyromancers (D:9)
  Pikel (D:7)
  A cyclops (D:9)
  2 ugly things (D:9)
  Maurice (D:8)
  A komodo dragon (D:10)
  3 unseen horrors
  A kobold demonologist (D:10)
  4 trolls
  18 yaks
  A shadow (D:10)
  2 wyverns
  3 water moccasins
  Duvessa (D:7)
  A sky beast (D:4)
  5 orc warriors
  A black bear (D:7)
  An ogre (D:7)
  A centaur (D:7)
  3 kobold brigands (D:10)
  5 bullfrogs
  3 scorpions (D:5)
  Dowan (D:7)
  A howler monkey (D:9)
  3 electric eels (D:7)
  5 orc priests
  3 hounds
  A gnoll bouda (D:9)
  A jelly (D:5)
  Jessica (D:3)
  6 iguanas
  10 orc wizards
  9 adders
  4 gnolls (D:4)
  A shadow imp (D:5)
  3 white imps
  An ufetubus (D:6)
  6 worms
  10 dart slugs
  33 orcs
  8 bats
  6 endoplasms
  4 giant cockroaches
  12 goblins
  2 hobgoblins (D:2)
  10 jackals
  6 quokkas
  8 ball pythons
  4 frilled lizards
  16 kobolds
  10 rats
252 creatures vanquished.

Vanquished Creatures (others)
  An angel (D:4)
  A kobold brigand (D:9)
  A kobold (D:4)
  15 plants
  6 withered plants (D:9)
24 creatures vanquished.

Grand Total: 276 creatures vanquished

Notes
Turn   | Place    | Note
-------+----------+-------------------------------------------
     0 | D:1      | ASIMItheHERO the Gargoyle Fighter began the quest for the
                  | Orb.
     0 | D:1      | Reached XP level 1. HP: 14/14 MP: 1/1
    88 | D:1      | Reached XP level 2. HP: 9/19 MP: 2/2
   642 | D:1      | Reached XP level 3. HP: 24/24 MP: 3/3
   753 | D:1      | Found a faded altar of an unknown god.
  1176 | D:2      | Reached skill level 3 in Maces & Flails
  1453 | D:2      | Learned a level 1 spell: Shock
  1574 | D:2      | Reached XP level 4. HP: 29/29 MP: 4/4
  1958 | D:3      | Reached XP level 5. HP: 28/33 MP: 5/5
  2088 | D:3      | Reached skill level 4 in Maces & Flails
  2134 | D:3      | Found an ornate altar of the Wu Jian Council.
  2171 | D:3      | Found a hide-covered altar of Uskayaw.
  2201 | D:3      | Noticed Jessica
  2205 | D:3      | Killed Jessica
  2244 | D:3      | Noticed Grinder
  2270 | D:3      | Paralysed by Grinder for 2 turns
  2463 | D:4      | Reached XP level 6. HP: 15/38 MP: 6/6
  2504 | D:4      | Killed an angel
  2709 | D:4      | Found a glowing silver altar of Zin.
  2721 | D:4      | Found a shimmering altar of Xom.
  2728 | D:4      | Became a worshipper of Zin the Law-Giver
  2728 | D:4      | Reached * piety under Zin
  3000 | D:4      | Reached skill level 5 in Maces & Flails
  3007 | D:4      | Noticed Menkaure
  3043 | D:5      | Entered Level 5 of the Dungeon
  3056 | D:5      | Noticed an orc warrior
  3298 | D:4      | Found a radiant altar of Vehumet.
  3311 | D:4      | Noticed a sky beast
  3333 | D:4      | Killed a sky beast
  3334 | D:4      | Reached skill level 1 in Dodging
  3334 | D:4      | Reached XP level 7. HP: 41/44 MP: 7/7
  3672 | D:4      | Reached ** piety under Zin
  3770 | D:4      | Reached skill level 5 in Fighting
  3797 | D:4      | Reached skill level 6 in Maces & Flails
  4605 | D:5      | Found a staircase to the Ecumenical Temple.
  4621 | Temple   | Entered the Ecumenical Temple
  4632 | Temple   | Fell from the grace of Zin
  4632 | Temple   | Became a worshipper of the Shining One
  4632 | Temple   | Reached * piety under the Shining One
  4710 | D:5      | Reached XP level 8. HP: 47/50 MP: 8/8
  5185 | D:6      | Noticed a moth of wrath
  5188 | D:6      | Found a bloodstained altar of Trog.
  5436 | D:6      | Reached skill level 7 in Maces & Flails
  5471 | D:6      | Identified the +6 short sword of Redu {vorpal, rC+ rCorr
                  | Str+2 Dex+3}
  5854 | D:7      | Reached ** piety under the Shining One
  6277 | D:7      | Reached skill level 5 in Armour
  6453 | D:7      | Noticed Pikel
  6477 | D:7      | Killed Pikel
  6478 | D:7      | Reached skill level 8 in Maces & Flails
  6478 | D:7      | Reached XP level 9. HP: 19/56 MP: 5/9
  7037 | D:7      | Reached skill level 9 in Maces & Flails
  7083 | D:7      | Learned a level 1 spell: Summon Small Mammal
  7229 | D:7      | Noticed Duvessa
  7229 | D:7      | Noticed Dowan
  7237 | D:7      | Killed Dowan
  7258 | D:7      | Killed Duvessa
  7550 | D:7      | Found a hazy altar of Hepliaklqana.
  7726 | D:8      | Noticed Maurice
  7859 | D:8      | Killed Maurice
  7860 | D:8      | Reached skill level 10 in Maces & Flails
  8275 | D:8      | Reached skill level 5 in Shields
  8275 | D:8      | Reached XP level 10. HP: 60/63 MP: 10/10
  8631 | D:9      | Found a runed translucent gate.
  8631 | D:9      | Found a runed translucent gate.
  8631 | D:9      | Found a runed translucent gate.
  8632 | D:9      | Noticed Dritkant's ghost (journeyman GrHu)
  8633 | D:9      | Noticed capka3m's ghost (journeyman MeEE)
  8787 | D:8      | Reached skill level 11 in Maces & Flails
  9030 | D:9      | Noticed an unseen horror
  9046 | D:9      | Killed an unseen horror
  9139 | D:9      | Reached skill level 1 in Invocations
  9244 | D:9      | Noticed a deep elf pyromancer
  9244 | D:9      | Noticed a centaur warrior
  9855 | D:9      | Killed a centaur warrior
  9856 | D:9      | Reached skill level 12 in Maces & Flails
  9856 | D:9      | Reached XP level 11. HP: 58/68 MP: 11/11
 10047 | D:9      | Found an ancient bone altar of Kikubaaqudgha.
 10048 | D:9      | Found a snail-covered altar of Cheibriados.
 10080 | D:9      | Noticed a four-headed hydra
 10095 | D:9      | Killed a four-headed hydra
 10149 | D:9      | Noticed a two-headed ogre
 10164 | D:9      | Killed a two-headed ogre
 10259 | D:9      | Noticed a purple ugly thing
 10272 | D:9      | Noticed a four-headed hydra
 10273 | D:9      | Noticed a deep elf pyromancer
 10274 | D:9      | Killed a purple ugly thing
 10274 | D:9      | Noticed a cyan ugly thing
 10279 | D:9      | Noticed a cyclops
 10287 | D:9      | Killed a cyan ugly thing
 10294 | D:9      | Killed a deep elf pyromancer
 10295 | D:9      | Reached skill level 13 in Maces & Flails
 10546 | D:9      | Killed a four-headed hydra
 11106 | D:9      | Killed a cyclops
 11612 | D:9      | Killed a deep elf pyromancer
 11730 | D:10     | Entered Level 10 of the Dungeon
 11826 | D:10     | Found a staircase to the Lair.
 11945 | D:10     | Noticed Fannar
 11984 | D:11     | Noticed a two-headed ogre
 12112 | D:10     | Gained mutation: Armour fits poorly on your strangely
                  | shaped body. [a neqoxec]
 12119 | D:10     | Reached XP level 12. HP: 76/76 MP: 11/13
 12180 | D:10     | Found a broken altar of Ashenzari.
 12184 | D:10     | Saw a vision of the Swamp and the Snake Pit.
 12184 | D:10     | Noticed a shock serpent
 12184 | D:10     | Noticed an anaconda
 12184 | D:10     | Noticed a shock serpent
 12185 | D:10     | Noticed an anaconda
 12248 | D:10     | Found Cauzey's Jewellery Emporium.
 12281 | D:10     | Noticed a two-headed ogre
 12292 | D:10     | Killed a two-headed ogre
 12293 | D:10     | Reached skill level 14 in Maces & Flails
 12507 | D:10     | Noticed Harold
 12527 | D:10     | Killed Harold
 12536 | D:10     | Killed from afar by Fannar

Illustrated notes

Levels and vault maps discovered:
D:1:      dpeg_arrival_more_subterranean_lakeside_camping, layout_loops_ring,
          shapermc_ecumenical_altar_mp_vishouse
D:2:      layout_rooms
D:3:      layout_basic, nicolae_uskayaw_murder_on_the_dancefloor,
          mainiacjoe_overflow_24_doors, nicolae_kite_square_tiling_tiny,
          uniq_jessica, uniq_grinder
D:4:      layout_basic, grunt_temple_overflow_order_and_chaos_1,
          nicolae_vehumet_radiance, uniq_menkaure
D:5:      layout_loops_ring, minmay_temple_entry_trees
D:6:      layout_rooms, tgw_trog
D:7:      kennysheep_slugbush, layout_gridville, mainiacjoe_overflow_alcove_1,
          amcnicky_mini_pool_small, uniq_duvessa, uniq_pikel
D:8:      layout_basic, uniq_maurice
D:9:      layout_cave_pools, mainiacjoe_overflow_divided_tiny,
          gammafunk_ghost_cemetery, enter_bailey_5, minmay_the_grid_2x2
          [minmay_the_grid_outer_diamond, minmay_the_grid_garden,
          minmay_the_grid_holed_spiral, minmay_the_grid_prize_four_corners]
D:10:     layout_loops_ring, grunt_ashenzari_visionary
          [grunt_ashenzari_visionary_swamp, grunt_ashenzari_visionary_snake],
          david_lair_shrubbed, kennysheep_orc_monster_closet_entryway,
          serial_shops, nicolae_shop_behind_doors, uniq_fannar, uniq_harold
D:11:     layout_basic
Temple:   hellmonk_temple_two_chambers

Skill      XL: |  1  2  3  4  5  6  7  8  9 10 11 12 |
---------------+-------------------------------------+-----
Maces & Flails | 3 4 5 6 8 10 12 13 14 | 14.2
Fighting       | 4 5 6 7 8 9 |  9.2
Armour         | 4 5 7 8 |  8.6
Dodging        | 1 2 3 |  3.8
Shields        | 4 5 6 7 |  7.5
Invocations    | 1 2 |  2.1
Stealth        | |  0.8
Spellcasting   | |  0.5
Conjurations   | |  0.5
Air Magic      | |  0.1

Action                   |  1- 3 |  4- 6 |  7- 9 | 10-12 || total
-------------------------+-------+-------+-------+-------++-------
Melee: Flail             |   115 |   197 |   378 |   369 ||  1059
Throw: Stone             |       |     3 |     6 |     2 ||    11
       Javelin           |       |       |       |     3 ||     3
Invok: Divine Shield     |       |       |     3 |     9 ||    12
  Use: Potion            |       |     2 |     4 |     5 ||    11
       Scroll            |       |     1 |     3 |     5 ||     9
Armor: Scale mail        |    58 |    90 |   180 |   127 ||   455
       Plate armour      |       |       |       |    42 ||    42
Dodge: Dodged            |    48 |   101 |   144 |   123 ||   416
Block: Buckler           |    28 |    34 |    82 |   178 ||   322
       Reflection        |       |       |       |    12 ||    12

Table legend: (Time is in decaauts)
 A = Elapsed time spent in this place.
 B = Non-inter-level travel time spent in this place.
 C = Inter-level travel time spent in this place.
 D = Time resting spent in this place.
 E = Time spent auto-exploring this place.
 F = Levels seen in this place.
 G = Mean time per level.
                   A        B        C        D        E       F      G
               +--------+--------+--------+--------+--------+-----+--------+
         Total |  12569 |  12055 |    514 |   3515 |   5546 |  12 | 1047.4 |
       Dungeon |  12551 |  12042 |    509 |   3515 |   5546 |  11 | 1141.0 |
        Temple |     17 |     12 |      5 |      0 |      0 |   1 |   17.0 |
               +--------+--------+--------+--------+--------+-----+--------+

Top non-repeatable levels by time:
     D:8: 2369 daAuts
     D:7: 1766 daAuts
     D:4: 1602 daAuts
     D:9: 1465 daAuts
     D:6: 1043 daAuts
     D:5: 999 daAuts
     D:1: 934 daAuts
     D:2: 829 daAuts
     D:3: 780 daAuts
    D:10: 758 daAuts
  Temple: 17 daAuts
    D:11: 1 daAuts
